 Dungeon Crawl Stone Soup version 0.30.0-11-gf55b779eaf (webtiles) character file.

Game seed: 6981038731504581960

170 FrenchFrogFromFrance the Ruffian (level 5, -2/53 HPs)
             Began as a Troll Berserker on May 16, 2023.
             Was a Believer of Trog.
             Slain by an orc priest
             ... wielding a +0 whip
              (6 damage)
             ... on level 3 of the Dungeon.
             The game lasted 00:01:34 (1097 turns).

FrenchFrogFromFrance the Ruffian (Troll Berserker)  Turns: 1097, Time: 00:01:35

Health: -2/53      AC:  4    Str: 27    XL:     5   Next: 25%
Magic:  4/4        EV: 10    Int:  3    God:    Trog [**....]
Gold:   123        SH:  0    Dex:  9    Spells: 4/4 levels left

rFire   . . .        l - +2 demon whip (venom)
rCold   . . .        (no shield)
rNeg    . . .        a - +0 animal skin
rPois   .            (helmet restricted)
rElec   .            (no cloak)
rCorr   .            (gloves unavailable)
SInv    .            (boots unavailable)
Will    .....        (no amulet)
Stlth   +            (no ring)
HPRegen 1.08/turn    (no ring)
MPRegen 0.09/turn

%: no passive effects
@: lethally poisoned (-2 -> -7)
A: large, unfitting armour, claws 3, regeneration 1, shaggy fur 1, tough skin 1
a: Renounce Religion, Berserk, Trog's Hand


You were on level 3 of the Dungeon.
You worshipped Trog.
Trog was pleased with you.
You visited 1 branch of the dungeon, and saw 3 of its levels.

You collected 123 gold pieces.

Inventory:

Hand Weapons
 l - a +2 demon whip of venom (weapon)
Armour
 a - a +0 animal skin (worn)
 f - a +0 buckler
Scrolls
 b - a scroll of enchant weapon {unknown}
 c - a scroll of blinking {unknown}
 g - 4 scrolls of identify {unknown}
 i - a scroll of enchant armour {unknown}
 m - a scroll of poison {unknown}
Potions
 d - a potion of resistance {unknown}
 e - 3 potions of curing {unknown}
 h - 2 potions of brilliance {unknown}
 j - 2 potions of berserk rage {unknown}
 k - a potion of heal wounds {unknown}


   Skills:
 + Level 3.1 Fighting
 + Level 3.4 Dodging
 + Level 4.7 Unarmed Combat


You had 4 spell levels left.
You didn't know any spells.
Your spell library was empty.

Dungeon Overview and Level Annotations

Branches:
Dungeon (2/15)

Altars:


Innate Abilities, Weirdness & Mutations

You are too large for most types of armour.
You have claws for hands.
Your natural rate of healing is unusually fast.
You are covered in fur. (AC +1)
You have tough skin. (AC +1)


Message History

Trog accepts your kill.
You feel very sick. The orc hits you with a +0 short sword.
The orc priest invokes the aid of Beogh against you.
Beogh smites you! The orc closely misses you.
There are monsters nearby!
You are too injured to fight recklessly!
Unknown command.
There are monsters nearby!
You are too injured to fight recklessly!
Unknown command.
You are too injured to fight recklessly!
You closely miss the orc.
You feel very sick. The orc hits you with a +0 short sword.
* * * LOW HITPOINT WARNING * * *
The orc closely misses you.
Unknown command.
You hit the orc.
The orc is moderately wounded.
You feel very sick. The orc hits you but does no damage.
The orc hits you with a +2 dagger of venom.
* * * LOW HITPOINT WARNING * * *
You are more poisoned.
The orc closely misses you. The orc hits you with a +0 short sword.
* * * LOW HITPOINT WARNING * * *
The orc priest casts a cantrip, but nothing happens.
You closely miss the orc. You claw the orc.
You kill the orc!
Trog accepts your kill.
* * * LOW HITPOINT WARNING * * *
You feel very sick.
The orc priest hits you but does no damage.
The orc completely misses you.
Unknown command.
* * * LOW HITPOINT WARNING * * *
You feel very sick. The orc priest hits you with a +0 whip.
You die...

.....#...##...#
#........)
.....#†.#..#..#.....
#........#
##...#.#....#.#.....
#.......)#
#...#.#....#.#....
#........#
#..##.##..##.##.$#
#####'#...
#...#.#...##.##..
#.#..#
#..##)##..##[##.###
#.#..#
#...###...#####ow.#
#.#[##
#....#.....###.@..####
#.#.#
#....#......#..o.......
#.#.#
##..###....###...######
#...# #...#......#...##
##### #..............#
####.....#######
#######


You could see an orc priest, a dart slug and an orc.

Vanquished Creatures
  An orc priest (D:3)
  3 gnolls (D:3)
  7 adders (D:3)
  A dart slug (D:1)
  2 orcs (D:3)
  5 ball pythons
  3 bats
  4 endoplasms
  A giant cockroach (D:1)
  3 goblins
  3 hobgoblins
  6 kobolds
  A quokka (D:3)
  4 frilled lizards
  5 rats
49 creatures vanquished.

Notes
Turn   | Place    | Note
-------+----------+-------------------------------------------
     0 | D:1      | FrenchFrogFromFrance the Troll Berserker began the quest
                  | for the Orb.
     0 | D:1      | Reached XP level 1. HP: 22/22 MP: 0/0
    56 | D:1      | Reached XP level 2. HP: 26/29 MP: 1/1
   579 | D:2      | You fall into a shaft and drop 1 floor!
   688 | D:3      | Reached XP level 3. HP: 16/36 MP: 2/2
   688 | D:3      | Reached ** piety under Trog
   869 | D:3      | Reached XP level 4. HP: 17/44 MP: 3/3
   901 | D:3      | Reached skill level 4 in Unarmed Combat
  1092 | D:3      | Reached XP level 5. HP: 46/53 MP: 4/4
  1097 | D:3      | Slain by an orc priest

Illustrated notes

Levels and vault maps discovered:
D:1:      minmay_arrival_semitransparent, layout_rooms
D:2:      layout_basic, uniq_natasha
D:3:      minmay_diamond_boxcup, layout_basic, chequers_serial_rivers_micro_d,
          nicolae_half_adder

Skill      XL: |  1  2  3  4 |
---------------+-------------+-----
Dodging        | 3 |  3.4
Unarmed Combat | 4 |  4.7
Fighting       | 3 |  3.1

Action                     |  1- 3 |  4- 6 || total
---------------------------+-------+-------++-------
  Melee: Unarmed           |    91 |    27 ||   118
         Demon whip        |       |    10 ||    10
         Punch             |       |     2 ||     2
 Armour: Animal skin       |    35 |     8 ||    43
  Dodge: Dodged            |    38 |    20 ||    58
